Patriotes vs Knights (R2)

Created - 22 avril 2015 at 22:52

Goals
1 2 3 T
Patriotes 2 2 1 5
Knights 0 1 3 4
Shots
1 2 3 T
Patriotes 15 4 11 30
Knights 10 4 26 40

1st period

1. Patriotes , Andreas Nodl 1 (Tomas Kurka, Zenon Konopka) at 10:23
2. Patriotes , Cory Emmerton 6 (Tyler Myers, Lauri Tukonen) at 15:10

Penalties :
A.J. Jenks (Lon) for Goalie Interference (Minor) at 0:43, A.J. Jenks (Lon) for Tripping (Minor) at 3:26, A.J Thelen (Nyc) for Hooking (Minor) at 7:55, Kyle Greentree (Lon) for Roughing (Minor) at 11:11, Zack Stortini (Nyc) for Interference (Minor) at 16:28, Tyler Myers (Nyc) for Tripping (Minor) at 16:50

2nd period

3. Knights , Jani Rita 6 (Chris Thorburn, Zbynek Michalek) at 3:09
4. Patriotes , Cory Emmerton 7 (Fedor Fedorov) at 5:49
5. Patriotes , Andreas Nodl 2 (A.J Thelen) at 6:12 (SH)

Penalties :
Tomas Kurka (Nyc) for High sticking (Minor) at 6:00, James Wright (Lon) for Tripping (Minor) at 6:25, Christian Hanson (Nyc) for Roughing (Minor) at 6:55, Chris Thorburn (Lon) for Roughing (Minor) at 11:07, Jimmy Hayes (Lon) for Tripping (Minor) at 14:10, Zack Stortini (Nyc) for Hooking (Minor) at 19:16

3rd period

6. Knights , Jani Rita 7 (Chris Thorburn, James Wright) at 0:16 (PP)
7. Patriotes , Zenon Konopka 4 (A.J Thelen) at 0:22
8. Knights , Danny Irmen 5 (Jimmy Hayes) at 5:01
9. Knights , Alex Chiasson 4 (Danny Irmen, Kyle Greentree) at 17:41 (PP)

Penalties :
Tomas Kurka (Nyc) for Roughing (Minor) at 6:10, Fedor Fedorov (Nyc) for Interference (Minor) at 10:04, Christian Hanson (Nyc) for Hooking (Minor) at 14:22, Lauri Tukonen (Nyc) for Hooking (Minor) at 16:53

Goalie Stats

Joey MacDonald (Nyc), 36 saves from 40 shots - (0,900), W, 3-1-1, 60:00 minutes
Dany Sabourin (Lon), 12 saves from 13 shots - (0,923), L, 0-1-2, 32:51 minutes
Jacob Markstrom (Lon), 13 saves from 17 shots - (0,765), 26:12 minutes

Players Stats for Patriotes

Player Name              G  A  P  +/- PIM S  H  SB GA TA FO     MP     PP MP  PK MP  
------------------------------------------------------------------------------------
A.J Thelen               0  2  2   0  2   5  1  4  0  1  0/0    29:22   5:37   6:53 
Andreas Nodl             2  0  2   3  0   4  1  0  1  1  1/4    24:34   5:32   7:07 
Brett Skinner            0  0  0   1  0   1  1  2  0  0  0/0    28:52   5:37   8:02 
Christian Hanson         0  0  0  -1  4   1  1  2  0  0  4/7    10:54   0:14   0:44 
Cory Emmerton            2  0  2   1  0   2  2  1  0  1  7/9    17:23   4:23   2:59 
Dwight King              0  0  0  -1  0   2  1  0  0  0  0/1     8:44   0:00   0:00 
Fedor Fedorov            0  1  1   1  2   1  0  0  0  0  0/0    14:33   4:23   0:08 
Jared Staal              0  0  0   0  0   0  0  0  0  0  0/0     4:49   0:00   0:00 
Joakim Andersson         0  0  0   0  0   0  0  0  0  0  0/0     0:00   0:00   0:00 
Joe Charlebois           0  0  0   3  0   2  1  1  0  0  0/0    21:13   4:18   5:50 
Jordan Samuels-Thomas    0  0  0   0  0   0  0  0  0  0  0/0     1:28   0:00   1:28 
Lauri Tukonen            0  1  1   1  2   1  1  0  3  0  0/0    14:22   4:23   0:00 
Liam Reddox              0  0  0   0  0   0  0  0  0  0  0/0     4:49   0:00   0:00 
Mathieu Brodeur          0  0  0  -1  0   0  0  0  0  0  0/0     2:38   0:00   0:45 
Nigel Williams           0  0  0   0  0   0  0  0  0  1  0/0     9:50   0:00   1:41 
Patrice Cormier          0  0  0   0  0   0  0  0  0  0  0/0     1:08   0:00   0:56 
Ryan White               0  0  0   1  0   0  1  0  0  1  5/7     7:59   0:00   3:10 
Timothy Kunes            0  0  0   0  0   0  2  0  0  0  0/0     7:56   0:00   0:00 
Tomas Kurka              0  1  1   2  4   5  0  1  2  0  8/12   22:57   5:32   5:56 
Tyler Myers              0  1  1   3  2   0  1  0  0  0  0/0    20:19   4:18   4:56 
Zack Stortini            0  0  0  -1  4   1  1  1  0  0  0/0     8:42   0:00   0:00 
Zenon Konopka            1  1  2   2  0   5  4  1  0  0  16/29  19:38   5:18   2:59 

Players Stats for Knights

Player Name              G  A  P  +/- PIM S  H  SB GA TA FO     MP     PP MP  PK MP  
------------------------------------------------------------------------------------
A.J. Jenks               0  0  0   0  4   1  3  0  0  0  0/0     8:40   0:00   0:00 
Aaron Palushaj           0  0  0   0  0   0  0  0  0  0  0/1     7:09   0:17   0:00 
Alex Chiasson            1  0  1  -2  0   1  0  0  0  0  0/0    13:40   5:15   0:00 
Chris Thorburn           0  2  2  -1  2   10 1  1  0  1  5/12   23:23   7:20   4:44 
Colton Gillies           0  0  0   0  0   2  1  0  0  0  0/1     7:21   0:17   0:12 
Danny Irmen              1  1  2   0  0   5  3  0  2  0  3/6    13:45   5:15   0:12 
Eric Gelinas             0  0  0  -1  0   1  3  2  1  1  0/0    24:10   8:12   3:44 
James Wright             0  1  1  -1  2   1  2  0  0  2  14/30  18:10   7:27   0:00 
Jani Rita                2  0  2  -1  0   10 2  0  0  0  0/0    22:13   7:28   2:27 
Jimmy Hayes              0  1  1   0  2   3  1  0  1  1  1/4    12:22   0:25   1:58 
Joe Colborne             0  0  0  -2  0   0  1  1  0  0  5/11   13:50   0:00   4:17 
Kyle Greentree           0  1  1  -2  2   0  1  1  0  0  0/0    19:01   5:15   4:25 
Marco Scandella          0  0  0  -3  0   2  3  0  0  0  0/0    25:36   8:23   3:44 
Nicklas Grossman         0  0  0   0  0   2  0  1  0  0  0/0    22:12   4:04   6:06 
Nikita Nikitin           0  0  0   0  0   0  0  1  0  0  0/0    10:54   0:15   0:00 
Philip Varone            0  0  0   0  0   0  0  0  0  0  0/4     8:26   0:00   1:35 
Tomas Kundratek          0  0  0   0  0   0  1  2  0  0  0/0    11:27   0:12   0:19 
Zbynek Michalek          0  1  1  -2  0   2  1  2  1  1  0/0    25:41   4:54   5:57 

3 Stars

1 - Andreas Nodl (Nyc)
2 - Zenon Konopka (Nyc)
3 - Cory Emmerton (Nyc)

Power Play

Patriotes - 0 on 6 Attempt(s) - 0,00%
Knights - 2 on 10 Attempt(s) - 20,00%

Penalty Kill

Patriotes - 8 on 10 Attempt(s) - 80,00% - Score 1 goal in Penalty Kill
Knights - 6 on 6 Attempt(s) - 100,00% - Score 0 goal in Penalty Kill

Team Stat

Patriotes - Hits : 18 - Faceoff Wins : 41 - Blocked Shots : 13 - Penalty Minutes : 20
Knights - Hits : 23 - Faceoff Wins : 28 - Blocked Shots : 11 - Penalty Minutes : 12

Official

Referees : Morton Dean and Dwyer Gord
Linesman : Brad Kovachik and Scott Cherrey

Game Notes

Dany Sabourin enters game at 6:12 of 2nd period

Finance

Level 1 -- Attendance: 1655 (82,75%) -- Ticket Income 57 925 $
Level 2 -- Attendance: 916 (91,60%) -- Ticket Income 18 320 $
Total Attendance: 2571 (85,70%)
Total Ticket Income: 76 245 $
Other Income: 3 812 $
Total Income: 80 057 $

Patriotes

5 vs 5 Forward 
   Center                   Left Wing                Right Wing               Time % Phy DF OF 
 1 Zenon Konopka            Tomas Kurka              Andreas Nodl             40     1   2  2  
 2 Cory Emmerton            Fedor Fedorov            Lauri Tukonen            30     1   2  2  
 3 Christian Hanson         Dwight King              Zack Stortini            20     1   2  2  
 4 Ryan White               Liam Reddox              Jared Staal              10     1   2  2  

5 vs 5 Defense 
   Defense                  Defense                                           Time % Phy DF OF 
 1 A.J Thelen               Brett Skinner                                     40     1   2  2  
 2 Tyler Myers              Joe Charlebois                                    30     1   2  2  
 3 Timothy Kunes            Nigel Williams                                    20     1   2  2  
 4 Mathieu Brodeur          A.J Thelen                                        10     1   2  2  

PowerPlay Forward 
   Center                   Left Wing                Right Wing               Time % Phy DF OF 
 1 Zenon Konopka            Tomas Kurka              Andreas Nodl             60     1   2  2  
 2 Cory Emmerton            Fedor Fedorov            Lauri Tukonen            40     1   2  2  

PowerPlay Defense
   Defense                  Defense                                           Time % Phy DF OF 
 1 A.J Thelen               Brett Skinner                                     60     1   2  2  
 2 Tyler Myers              Joe Charlebois                                    40     1   2  2  

Penalty Kill 4 Players Forward 
   Center                   Wing                     Time % Phy DF OF 
 1 Tomas Kurka              Andreas Nodl             60     1   2  2  
 2 Zenon Konopka            Cory Emmerton            40     1   2  2  

Penalty Kill 4 Players Defense
   Defense                  Defense                  Time % Phy DF OF 
 1 A.J Thelen               Brett Skinner            60     1   2  2  
 2 Tyler Myers              Joe Charlebois           40     1   2  2  

Penalty Kill - 3 Players Forward 
   Forward                                           Time % Phy DF OF 
 1 Tomas Kurka                                       60     1   2  2  
 2 Andreas Nodl                                      40     1   2  2  

Penalty Kill - 3 Players Defense
   Defense                  Defense                  Time % Phy DF OF 
 1 A.J Thelen               Brett Skinner            60     1   2  2  
 2 Tyler Myers              Joe Charlebois           40     1   2  2  

4 vs 4 Forward 
   Center                   Wing                     Time % Phy DF OF 
 1 Tomas Kurka              Andreas Nodl             60     1   2  2  
 2 Zenon Konopka            Cory Emmerton            40     1   2  2  

4 vs 4 Defense
   Defense                  Defense                  Time % Phy DF OF 
 1 A.J Thelen               Brett Skinner            60     1   2  2  
 2 Tyler Myers              Joe Charlebois           40     1   2  2  

Last Minutes Offensive
   Center                   Left Wing                Right Wing               Defense                  Defense                  
   Zenon Konopka            Tomas Kurka              Andreas Nodl             A.J Thelen               Brett Skinner            

Last Minutes Defensive
   Center                   Left Wing                Right Wing               Defense                  Defense                  
   Zenon Konopka            Tomas Kurka              Andreas Nodl             A.J Thelen               Brett Skinner            

Goaltenders
Starting : Joey MacDonald           
Backup : Marek Schwarz            

Extra Forwards
Normal : Christian Hanson, Dwight King, Ryan White - PP : Christian Hanson, Dwight King - PK : Ryan White
Extra Defensemen
Normal : Timothy Kunes, Nigel Williams, Mathieu Brodeur - PP : Timothy Kunes - PK : Nigel Williams, Mathieu Brodeur
Penalty Shots
Tomas Kurka, Andreas Nodl, Zenon Konopka, Cory Emmerton, Fedor Fedorov

Knights

5 vs 5 Forward 
   Center                   Left Wing                Right Wing               Time % Phy DF OF 
 1 James Wright             Jani Rita                Chris Thorburn           40     1   2  2  
 2 Joe Colborne             Kyle Greentree           Alex Chiasson            30     1   2  2  
 3 Danny Irmen              A.J. Jenks               Jimmy Hayes              20     1   2  2  
 4 Philip Varone            Colton Gillies           Aaron Palushaj           10     1   2  2  

5 vs 5 Defense 
   Defense                  Defense                                           Time % Phy DF OF 
 1 Zbynek Michalek          Marco Scandella                                   40     1   2  2  
 2 Eric Gelinas             Nicklas Grossman                                  30     1   2  2  
 3 Nikita Nikitin           Tomas Kundratek                                   20     1   2  2  
 4 Marco Scandella          Eric Gelinas                                      10     1   2  2  

PowerPlay Forward 
   Center                   Left Wing                Right Wing               Time % Phy DF OF 
 1 James Wright             Jani Rita                Chris Thorburn           60     1   2  2  
 2 Danny Irmen              Kyle Greentree           Alex Chiasson            40     1   2  2  

PowerPlay Defense
   Defense                  Defense                                           Time % Phy DF OF 
 1 Eric Gelinas             Marco Scandella                                   60     1   2  2  
 2 Zbynek Michalek          Nicklas Grossman                                  40     1   2  2  

Penalty Kill 4 Players Forward 
   Center                   Wing                     Time % Phy DF OF 
 1 Chris Thorburn           Kyle Greentree           60     1   2  2  
 2 Joe Colborne             Jimmy Hayes              40     1   2  2  

Penalty Kill 4 Players Defense
   Defense                  Defense                  Time % Phy DF OF 
 1 Zbynek Michalek          Nicklas Grossman         60     1   2  2  
 2 Marco Scandella          Eric Gelinas             40     1   2  2  

Penalty Kill - 3 Players Forward 
   Forward                                           Time % Phy DF OF 
 1 Chris Thorburn                                    60     1   2  2  
 2 Joe Colborne                                      40     1   2  2  

Penalty Kill - 3 Players Defense
   Defense                  Defense                  Time % Phy DF OF 
 1 Zbynek Michalek          Nicklas Grossman         60     1   2  2  
 2 Eric Gelinas             Marco Scandella          40     1   2  2  

4 vs 4 Forward 
   Center                   Wing                     Time % Phy DF OF 
 1 James Wright             Jani Rita                60     1   2  2  
 2 Joe Colborne             Chris Thorburn           40     1   2  2  

4 vs 4 Defense
   Defense                  Defense                  Time % Phy DF OF 
 1 Zbynek Michalek          Eric Gelinas             60     1   2  2  
 2 Nicklas Grossman         Marco Scandella          40     1   2  2  

Last Minutes Offensive
   Center                   Left Wing                Right Wing               Defense                  Defense                  
   James Wright             Jani Rita                Chris Thorburn           Zbynek Michalek          Marco Scandella          

Last Minutes Defensive
   Center                   Left Wing                Right Wing               Defense                  Defense                  
   James Wright             Kyle Greentree           Chris Thorburn           Zbynek Michalek          Marco Scandella          

Goaltenders
Starting : Jacob Markstrom          
Backup : Dany Sabourin            

Extra Forwards
Normal : James Wright, Jimmy Hayes, Joe Colborne - PP : James Wright, Jimmy Hayes - PK : Joe Colborne
Extra Defensemen
Normal : Zbynek Michalek, Marco Scandella, Tomas Kundratek - PP : Zbynek Michalek - PK : Marco Scandella, Tomas Kundratek
Penalty Shots
Chris Thorburn, Jani Rita, Kyle Greentree, James Wright, Danny Irmen

% Time on Ice - Patriotes

Lines # - Real PCT - Wanted PCT - Time Play
Normal Forward
1 - 30% - 40% - 10:07
2 - 30% - 30% - 10:21
3 - 26% - 20% - 8:44
4 - 14% - 10% - 4:49
Normal Defense
1 - 41% - 40% - 13:51
2 - 32% - 30% - 10:58
3 - 22% - 20% - 7:38
4 - 5% - 10% - 1:34
PP Forward
1 - 56% - 60% - 5:32
2 - 44% - 40% - 4:23
PP Defense
1 - 57% - 60% - 5:37
2 - 43% - 40% - 4:18
PK Forward
1 - 74% - 60% - 8:24
2 - 26% - 40% - 2:59
PK Defense
1 - 56% - 60% - 6:25
2 - 44% - 40% - 4:58
PK3 Forward
1 - 88% - 60% - 2:22
2 - 12% - 40% - 0:19
PK3 Defense
1 - 62% - 60% - 1:40
2 - 38% - 40% - 1:01
44 Forward
1 - 100% - 60% - 0:55
2 - 0% - 40% - 0:00
44 Defense
1 - 75% - 60% - 0:41
2 - 25% - 40% - 0:14
Last Minute Offensive  - 0:00
Last Minute Defensive  - 1:05
Total
Forward - 60:00
Defense - 60:00

% Time on Ice - Knights

Lines # - Real PCT - Wanted PCT - Time Play
Normal Forward
1 - 31% - 40% - 10:26
2 - 26% - 30% - 8:57
3 - 24% - 20% - 8:14
4 - 19% - 10% - 6:23
Normal Defense
1 - 38% - 40% - 12:57
2 - 28% - 30% - 9:36
3 - 31% - 20% - 10:38
4 - 2% - 10% - 0:49
PP Forward
1 - 60% - 60% - 7:45
2 - 40% - 40% - 5:15
PP Defense
1 - 73% - 60% - 9:29
2 - 27% - 40% - 3:31
PK Forward
1 - 70% - 60% - 6:57
2 - 30% - 40% - 2:58
PK Defense
1 - 62% - 60% - 6:11
2 - 38% - 40% - 3:44
PK3 Forward
1 - 0% - 60%
2 - 0% - 40%
PK3 Defense
1 - 0% - 60%
2 - 0% - 40%
44 Forward
1 - 100% - 60% - 1:59
2 - 0% - 40% - 0:00
44 Defense
1 - 71% - 60% - 1:25
2 - 29% - 40% - 0:34
Last Minute Offensive  - 1:06
Last Minute Defensive  - 0:00
Total
Forward - 60:00
Defense - 60:00

Play by Play

1st period


0:01 of 1st period - James Wright wins face-off versus Zenon Konopka in neutral zone.
0:35 of 1st period - Zenon Konopka is hit by Jimmy Hayes and loses puck.
0:43 of 1st period - Minor Penalty to A.J. Jenks for Goalie Interference.
0:44 of 1st period - Cory Emmerton wins face-off versus Chris Thorburn in Knights zone.
0:52 of 1st period - Snap shot by Fedor Fedorov.
0:52 of 1st period - Shot Blocked by Zbynek Michalek.
0:54 of 1st period - Slapshot by Tyler Myers.
0:54 of 1st period - Shot Blocked by Zbynek Michalek.
0:56 of 1st period - Slapshot by Joe Charlebois.
0:56 of 1st period - Stopped by Jacob Markstrom without a rebound.
0:57 of 1st period - Joe Colborne wins face-off versus Zenon Konopka in Knights zone.
1:10 of 1st period - Tomas Kurka is hit by Kyle Greentree and loses puck.
2:22 of 1st period - Zbynek Michalek is hit by A.J Thelen and loses puck.
2:43 of 1st period - Penalty to A.J. Jenks is over, A.J. Jenks is back on ice.
2:51 of 1st period - Snap shot by Nicklas Grossman.
2:51 of 1st period - Stopped by Joey MacDonald with a rebound.
2:53 of 1st period - Wrist shot by Colton Gillies.
2:53 of 1st period - Shot Hit the Post.
2:55 of 1st period - Slapshot by Zbynek Michalek.
2:55 of 1st period - Shot Misses the Net.
3:04 of 1st period - Off-side.
3:05 of 1st period - Danny Irmen wins face-off versus Ryan White in neutral zone.
3:26 of 1st period - Minor Penalty to A.J. Jenks for Tripping.
3:27 of 1st period - Zenon Konopka wins face-off versus Chris Thorburn in Knights zone.
3:28 of 1st period - Slapshot by Andreas Nodl.
3:28 of 1st period - Shot Misses the Net.
3:30 of 1st period - Snap shot by Zenon Konopka.
3:30 of 1st period - Shot Blocked by Eric Gelinas.
4:00 of 1st period - Slapshot by A.J Thelen.
4:00 of 1st period - Stopped by Jacob Markstrom without a rebound.
4:01 of 1st period - Zenon Konopka wins face-off versus Chris Thorburn in Knights zone.
4:02 of 1st period - Wrist shot by Tomas Kurka.
4:02 of 1st period - Stopped by Jacob Markstrom without a rebound.
4:03 of 1st period - Chris Thorburn wins face-off versus Zenon Konopka in Knights zone.
4:12 of 1st period - Zbynek Michalek is hit by Joe Charlebois and loses puck.
4:19 of 1st period - Wrist shot by Andreas Nodl.
4:19 of 1st period - Shot Misses the Net.
4:34 of 1st period - Off-side.
4:35 of 1st period - Zenon Konopka wins face-off versus Joe Colborne in neutral zone.
4:46 of 1st period - Wrist shot by Zenon Konopka.
4:46 of 1st period - Stopped by Jacob Markstrom without a rebound.
4:47 of 1st period - Zenon Konopka wins face-off versus Chris Thorburn in Knights zone.
4:48 of 1st period - Wrist shot by Andreas Nodl.
4:48 of 1st period - Stopped by Jacob Markstrom without a rebound.
4:49 of 1st period - Chris Thorburn wins face-off versus Andreas Nodl in Knights zone.
5:26 of 1st period - Penalty to A.J. Jenks is over, A.J. Jenks is back on ice.
6:06 of 1st period - Wrist shot by Tomas Kurka.
6:06 of 1st period - Stopped by Jacob Markstrom without a rebound.
6:07 of 1st period - Cory Emmerton wins face-off versus Philip Varone in Knights zone.
7:19 of 1st period - Snap shot by Cory Emmerton.
7:19 of 1st period - Shot Misses the Net.
7:44 of 1st period - Andreas Nodl is hit by A.J. Jenks and loses puck.
7:49 of 1st period - Slapshot by Zbynek Michalek.
7:49 of 1st period - Shot Blocked by A.J Thelen.
7:55 of 1st period - Minor Penalty to A.J Thelen for Hooking.
7:56 of 1st period - Tomas Kurka wins face-off versus James Wright in Patriotes zone.
8:55 of 1st period - Kyle Greentree is hit by Cory Emmerton and loses puck.
9:54 of 1st period - Slapshot by Zenon Konopka.
9:54 of 1st period - Deflect By Zbynek Michalek.
9:54 of 1st period - Stopped by Jacob Markstrom with a rebound.
9:55 of 1st period - Penalty to A.J Thelen is over, A.J Thelen is back on ice.
10:00 of 1st period - Wrist shot by A.J Thelen.
10:00 of 1st period - Stopped by Jacob Markstrom without a rebound.
10:01 of 1st period - Christian Hanson wins face-off versus Philip Varone in Knights zone.
10:12 of 1st period - Wrist shot by Christian Hanson.
10:12 of 1st period - Shot Misses the Net.
10:14 of 1st period - Snap shot by A.J Thelen.
10:14 of 1st period - Stopped by Jacob Markstrom without a rebound.
10:15 of 1st period - Tomas Kurka wins face-off versus Joe Colborne in Knights zone.
10:19 of 1st period - Icing by Marco Scandella.
10:20 of 1st period - Zenon Konopka wins face-off versus Joe Colborne in Knights zone.
10:23 of 1st period - Wrist shot by Andreas Nodl.
10:23 of 1st period - Goal by Andreas Nodl - Patriotes : 1 - Knights : 0.
10:24 of 1st period - James Wright wins face-off versus Andreas Nodl in neutral zone.
10:27 of 1st period - A.J Thelen is hit by Marco Scandella and loses puck.
10:34 of 1st period - Wrist shot by Jani Rita.
10:34 of 1st period - Stopped by Joey MacDonald without a rebound.
10:35 of 1st period - James Wright wins face-off versus Cory Emmerton in Patriotes zone.
10:38 of 1st period - Slapshot by Chris Thorburn.
10:38 of 1st period - Shot Misses the Net.
10:40 of 1st period - Snap shot by Chris Thorburn.
10:40 of 1st period - Stopped by Joey MacDonald with a rebound.
10:42 of 1st period - Wrist shot by James Wright.
10:42 of 1st period - Stopped by Joey MacDonald without a rebound.
10:43 of 1st period - Cory Emmerton wins face-off versus James Wright in Patriotes zone.
10:54 of 1st period - Slapshot by Jani Rita.
10:54 of 1st period - Stopped by Joey MacDonald without a rebound.
10:55 of 1st period - Joe Colborne wins face-off versus Tomas Kurka in Patriotes zone.
11:11 of 1st period - Minor Penalty to Kyle Greentree for Roughing.
11:12 of 1st period - Chris Thorburn wins face-off versus Andreas Nodl in Knights zone.
11:12 of 1st period - Chris Thorburn is hit by Zenon Konopka.
11:17 of 1st period - Joe Colborne is hit by Andreas Nodl and loses puck.
11:26 of 1st period - Snap shot by Tomas Kurka.
11:26 of 1st period - Stopped by Jacob Markstrom with a rebound.
11:28 of 1st period - Wrist shot by Andreas Nodl.
11:28 of 1st period - Stopped by Jacob Markstrom without a rebound.
11:29 of 1st period - Chris Thorburn wins face-off versus Cory Emmerton in Knights zone.
11:38 of 1st period - Joe Colborne is hit by Lauri Tukonen and loses puck.
12:07 of 1st period - Snap shot by Zenon Konopka.
12:07 of 1st period - Shot Hit the Post.
12:27 of 1st period - Slapshot by Marco Scandella.
12:27 of 1st period - Stopped by Joey MacDonald with a rebound.
12:29 of 1st period - Slapshot by Eric Gelinas.
12:29 of 1st period - Shot Blocked by Zenon Konopka.
12:31 of 1st period - Snap shot by Marco Scandella.
12:31 of 1st period - Stopped by Joey MacDonald without a rebound.
12:32 of 1st period - Zenon Konopka wins face-off versus Philip Varone in Patriotes zone.
12:43 of 1st period - Slapshot by Marco Scandella.
12:43 of 1st period - Shot Blocked by Cory Emmerton.
12:50 of 1st period - Off-side.
12:51 of 1st period - Chris Thorburn wins face-off versus Zenon Konopka in neutral zone.
13:06 of 1st period - Wrist shot by Brett Skinner.
13:06 of 1st period - Shot Misses the Net.
13:11 of 1st period - Penalty to Kyle Greentree is over, Kyle Greentree is back on ice.
13:18 of 1st period - Snap shot by Danny Irmen.
13:18 of 1st period - Shot Misses the Net.
13:26 of 1st period - Cory Emmerton is hit by A.J. Jenks and loses puck.
13:43 of 1st period - Slapshot by Zbynek Michalek.
13:43 of 1st period - Deflect By Chris Thorburn.
13:43 of 1st period - Stopped by Joey MacDonald without a rebound.
13:44 of 1st period - James Wright wins face-off versus Dwight King in Patriotes zone.
13:49 of 1st period - Snap shot by Jani Rita.
13:49 of 1st period - Stopped by Joey MacDonald without a rebound.
13:50 of 1st period - Zenon Konopka wins face-off versus James Wright in Patriotes zone.
14:56 of 1st period - Wrist shot by Fedor Fedorov.
14:56 of 1st period - Shot Misses the Net.
14:58 of 1st period - Wrist shot by Fedor Fedorov.
14:58 of 1st period - Shot Misses the Net.
15:00 of 1st period - Wrist shot by Fedor Fedorov.
15:00 of 1st period - Shot Blocked by Joe Colborne.
15:02 of 1st period - Backhand shot by Joe Charlebois.
15:02 of 1st period - Shot Misses the Net.
15:04 of 1st period - Slapshot by Tyler Myers.
15:04 of 1st period - Shot Misses the Net.
15:06 of 1st period - Snap shot by Lauri Tukonen.
15:06 of 1st period - Shot Blocked by Kyle Greentree.
15:08 of 1st period - Slapshot by Tyler Myers.
15:08 of 1st period - Shot Misses the Net.
15:10 of 1st period - Wrist shot by Cory Emmerton.
15:10 of 1st period - Goal by Cory Emmerton - Patriotes : 2 - Knights : 0.
15:11 of 1st period - James Wright wins face-off versus Zenon Konopka in neutral zone.
15:25 of 1st period - Snap shot by Zenon Konopka.
15:25 of 1st period - Stopped by Jacob Markstrom without a rebound.
15:26 of 1st period - Zenon Konopka wins face-off versus James Wright in Knights zone.
15:37 of 1st period - Snap shot by Jani Rita.
15:37 of 1st period - Shot Misses the Net.
15:39 of 1st period - Wrist shot by Jani Rita.
15:39 of 1st period - Stopped by Joey MacDonald with a rebound.
15:41 of 1st period - Wrist shot by Chris Thorburn.
15:41 of 1st period - Shot Misses the Net.
16:18 of 1st period - Snap shot by Kyle Greentree.
16:18 of 1st period - Shot Blocked by A.J Thelen.
16:28 of 1st period - Minor Penalty to Zack Stortini for Interference.
16:29 of 1st period - James Wright wins face-off versus Tomas Kurka in Patriotes zone.
16:44 of 1st period - Backhand shot by Chris Thorburn.
16:44 of 1st period - Shot Blocked by Joe Charlebois.
16:50 of 1st period - Minor Penalty to Tyler Myers for Tripping.
16:51 of 1st period - Tomas Kurka wins face-off versus James Wright in Patriotes zone.
18:28 of 1st period - Penalty to Zack Stortini is over, Zack Stortini is back on ice.
18:50 of 1st period - Penalty to Tyler Myers is over, Tyler Myers is back on ice.
19:02 of 1st period - Off-side.
19:03 of 1st period - Cory Emmerton wins face-off versus Aaron Palushaj in neutral zone.
19:14 of 1st period - Slapshot by A.J Thelen.
19:14 of 1st period - Deflect By Nikita Nikitin.
19:14 of 1st period - Stopped by Jacob Markstrom with a rebound.
19:16 of 1st period - Backhand shot by A.J Thelen.
19:16 of 1st period - Shot Blocked by Tomas Kundratek.
19:18 of 1st period - Slapshot by Brett Skinner.
19:18 of 1st period - Shot Hit the Post.
Goals for this period are 2 for Patriotes vs 0 for Knights.
Shots for this period are 15 for Patriotes vs 10 for Knights.

2nd period


0:01 of 2nd period - Zenon Konopka wins face-off versus James Wright in neutral zone.
1:26 of 2nd period - Nikita Nikitin is hit by Zenon Konopka and loses puck.
1:51 of 2nd period - Alex Chiasson is hit by Brett Skinner and loses puck.
2:11 of 2nd period - Marco Scandella is hit by Timothy Kunes and loses puck.
2:30 of 2nd period - Dwight King is hit by Marco Scandella.
2:42 of 2nd period - Marco Scandella is hit by Dwight King and loses puck.
2:54 of 2nd period - Zbynek Michalek is hit by Christian Hanson and loses puck.
3:09 of 2nd period - Slapshot by Jani Rita.
3:09 of 2nd period - Goal by Jani Rita - Patriotes : 2 - Knights : 1.
3:10 of 2nd period - Andreas Nodl wins face-off versus Joe Colborne in neutral zone.
5:02 of 2nd period - Icing by Cory Emmerton.
5:03 of 2nd period - Cory Emmerton wins face-off versus Danny Irmen in Patriotes zone.
5:14 of 2nd period - Wrist shot by Jimmy Hayes.
5:14 of 2nd period - Shot Misses the Net.
5:27 of 2nd period - A.J Thelen is hit by Danny Irmen.
5:31 of 2nd period - Snap shot by Brett Skinner.
5:31 of 2nd period - Shot Blocked by Nicklas Grossman.
5:33 of 2nd period - Slapshot by Tyler Myers.
5:33 of 2nd period - Shot Misses the Net.
5:35 of 2nd period - Slapshot by Joe Charlebois.
5:35 of 2nd period - Shot Misses the Net.
5:37 of 2nd period - Snap shot by Joe Charlebois.
5:37 of 2nd period - Shot Blocked by Eric Gelinas.
5:49 of 2nd period - Wrist shot by Cory Emmerton.
5:49 of 2nd period - Goal by Cory Emmerton - Patriotes : 3 - Knights : 1.
5:50 of 2nd period - James Wright wins face-off versus Zenon Konopka in neutral zone.
6:00 of 2nd period - Minor Penalty to Tomas Kurka for High sticking.
6:01 of 2nd period - Ryan White wins face-off versus James Wright in Patriotes zone.
6:01 of 2nd period - Ryan White is hit by James Wright.
6:12 of 2nd period - Wrist shot by Andreas Nodl.
6:12 of 2nd period - Goal by Andreas Nodl - Patriotes : 4 - Knights : 1.
6:12 of 2nd period - Dany Sabourin enters game.
6:13 of 2nd period - Ryan White wins face-off versus James Wright in neutral zone.
6:22 of 2nd period - Snap shot by Andreas Nodl.
6:22 of 2nd period - Deflect By Ryan White.
6:22 of 2nd period - Shot Misses the Net.
6:22 of 2nd period - Puck is out of play.
6:23 of 2nd period - James Wright wins face-off versus Ryan White in Knights zone.
6:25 of 2nd period - Minor Penalty to James Wright for Tripping.
6:26 of 2nd period - Jimmy Hayes wins face-off versus Christian Hanson in Knights zone.
6:38 of 2nd period - Slapshot by Zbynek Michalek.
6:38 of 2nd period - Stopped by Joey MacDonald without a rebound.
6:39 of 2nd period - Christian Hanson wins face-off versus Jimmy Hayes in Patriotes zone.
6:55 of 2nd period - Minor Penalty to Christian Hanson for Roughing.
6:56 of 2nd period - Ryan White wins face-off versus Jimmy Hayes in Patriotes zone.
7:06 of 2nd period - Wrist shot by Ryan White.
7:06 of 2nd period - Shot Misses the Net.
8:00 of 2nd period - Penalty to Tomas Kurka is over, Tomas Kurka is back on ice.
8:06 of 2nd period - Wrist shot by Tomas Kurka.
8:06 of 2nd period - Shot Misses the Net.
8:08 of 2nd period - Slapshot by Joe Charlebois.
8:08 of 2nd period - Stopped by Dany Sabourin without a rebound.
8:09 of 2nd period - Tomas Kurka wins face-off versus Jimmy Hayes in Knights zone.
8:25 of 2nd period - Penalty to James Wright is over, James Wright is back on ice.
8:46 of 2nd period - Eric Gelinas is hit by Tyler Myers and loses puck.
8:55 of 2nd period - Penalty to Christian Hanson is over, Christian Hanson is back on ice.
9:09 of 2nd period - Slapshot by Brett Skinner.
9:09 of 2nd period - Shot Blocked by Nikita Nikitin.
9:11 of 2nd period - Snap shot by Liam Reddox.
9:11 of 2nd period - Shot Misses the Net.
9:13 of 2nd period - Slapshot by Brett Skinner.
9:13 of 2nd period - Stopped by Dany Sabourin without a rebound.
9:14 of 2nd period - Joe Colborne wins face-off versus Zenon Konopka in Knights zone.
9:41 of 2nd period - Snap shot by Chris Thorburn.
9:41 of 2nd period - Shot Misses the Net.
10:07 of 2nd period - Wrist shot by Danny Irmen.
10:07 of 2nd period - Stopped by Joey MacDonald with a rebound.
10:09 of 2nd period - Slapshot by Jimmy Hayes.
10:09 of 2nd period - Stopped by Joey MacDonald with a rebound.
10:11 of 2nd period - Slapshot by A.J. Jenks.
10:11 of 2nd period - Shot Blocked by Brett Skinner.
10:13 of 2nd period - Snap shot by Jimmy Hayes.
10:13 of 2nd period - Shot Misses the Net.
11:07 of 2nd period - Minor Penalty to Chris Thorburn for Roughing.
11:08 of 2nd period - Joe Colborne wins face-off versus Zenon Konopka in Knights zone.
11:20 of 2nd period - Snap shot by Andreas Nodl.
11:20 of 2nd period - Shot Misses the Net.
11:22 of 2nd period - Snap shot by Andreas Nodl.
11:22 of 2nd period - Shot Misses the Net.
11:54 of 2nd period - Zbynek Michalek is hit by Zenon Konopka and loses puck.
13:07 of 2nd period - Penalty to Chris Thorburn is over, Chris Thorburn is back on ice.
13:36 of 2nd period - Timothy Kunes is hit by Joe Colborne and loses puck.
14:10 of 2nd period - Minor Penalty to Jimmy Hayes for Tripping.
14:11 of 2nd period - Zenon Konopka wins face-off versus Chris Thorburn in Knights zone.
14:21 of 2nd period - Wrist shot by Zenon Konopka.
14:21 of 2nd period - Shot Blocked by Chris Thorburn.
14:23 of 2nd period - Snap shot by Andreas Nodl.
14:23 of 2nd period - Shot Misses the Net.
14:48 of 2nd period - Jani Rita is hit by Cory Emmerton and loses puck.
16:10 of 2nd period - Penalty to Jimmy Hayes is over, Jimmy Hayes is back on ice.
18:26 of 2nd period - Joe Charlebois is hit by Eric Gelinas and loses puck.
19:16 of 2nd period - Minor Penalty to Zack Stortini for Hooking.
19:17 of 2nd period - Tomas Kurka wins face-off versus James Wright in Patriotes zone.
Goals for this period are 2 for Patriotes vs 1 for Knights.
Shots for this period are 4 for Patriotes vs 4 for Knights.

3rd period


0:01 of 3rd period - James Wright wins face-off versus Tomas Kurka in neutral zone.
0:12 of 3rd period - Snap shot by Chris Thorburn.
0:12 of 3rd period - Shot Blocked by Tomas Kurka.
0:14 of 3rd period - Snap shot by Chris Thorburn.
0:14 of 3rd period - Shot Misses the Net.
0:16 of 3rd period - Snap shot by Jani Rita.
0:16 of 3rd period - Deflect By Brett Skinner.
0:16 of 3rd period - Goal by Jani Rita - Patriotes : 4 - Knights : 2.
0:17 of 3rd period - Zenon Konopka wins face-off versus James Wright in neutral zone.
0:20 of 3rd period - Slapshot by A.J Thelen.
0:20 of 3rd period - Stopped by Dany Sabourin with a rebound.
0:22 of 3rd period - Wrist shot by Zenon Konopka.
0:22 of 3rd period - Goal by Zenon Konopka - Patriotes : 5 - Knights : 2.
0:23 of 3rd period - James Wright wins face-off versus Zenon Konopka in neutral zone.
0:30 of 3rd period - Wrist shot by Chris Thorburn.
0:30 of 3rd period - Shot Blocked by A.J Thelen.
0:36 of 3rd period - Slapshot by Chris Thorburn.
0:36 of 3rd period - Stopped by Joey MacDonald with a rebound.
0:38 of 3rd period - Snap shot by Chris Thorburn.
0:38 of 3rd period - Shot Blocked by A.J Thelen.
0:58 of 3rd period - Snap shot by Lauri Tukonen.
0:58 of 3rd period - Stopped by Dany Sabourin without a rebound.
0:59 of 3rd period - James Wright wins face-off versus Zenon Konopka in Knights zone.
1:54 of 3rd period - Slapshot by Nicklas Grossman.
1:54 of 3rd period - Stopped by Joey MacDonald without a rebound.
1:55 of 3rd period - James Wright wins face-off versus Zenon Konopka in Patriotes zone.
2:02 of 3rd period - Wrist shot by Chris Thorburn.
2:02 of 3rd period - Stopped by Joey MacDonald without a rebound.
2:03 of 3rd period - Zenon Konopka wins face-off versus Chris Thorburn in Patriotes zone.
2:03 of 3rd period - Zenon Konopka is hit by Jani Rita.
2:09 of 3rd period - Snap shot by Zenon Konopka.
2:09 of 3rd period - Stopped by Dany Sabourin with a rebound.
2:27 of 3rd period - Snap shot by Jani Rita.
2:27 of 3rd period - Shot Misses the Net.
2:31 of 3rd period - Wrist shot by Chris Thorburn.
2:31 of 3rd period - Stopped by Joey MacDonald without a rebound.
2:32 of 3rd period - Cory Emmerton wins face-off versus Joe Colborne in Patriotes zone.
2:37 of 3rd period - Snap shot by Lauri Tukonen.
2:37 of 3rd period - Shot Misses the Net.
3:00 of 3rd period - Snap shot by Colton Gillies.
3:00 of 3rd period - Stopped by Joey MacDonald without a rebound.
3:01 of 3rd period - Zenon Konopka wins face-off versus Colton Gillies in Patriotes zone.
3:26 of 3rd period - Wrist shot by Chris Thorburn.
3:26 of 3rd period - Stopped by Joey MacDonald without a rebound.
3:27 of 3rd period - Christian Hanson wins face-off versus James Wright in Patriotes zone.
3:34 of 3rd period - Wrist shot by Dwight King.
3:34 of 3rd period - Stopped by Dany Sabourin with a rebound.
3:48 of 3rd period - Eric Gelinas is hit by Zack Stortini.
4:05 of 3rd period - Snap shot by Chris Thorburn.
4:05 of 3rd period - Stopped by Joey MacDonald with a rebound.
4:09 of 3rd period - Wrist shot by Jani Rita.
4:09 of 3rd period - Shot Blocked by Zack Stortini.
4:11 of 3rd period - Snap shot by Chris Thorburn.
4:11 of 3rd period - Stopped by Joey MacDonald with a rebound.
4:19 of 3rd period - Dwight King is hit by Marco Scandella and loses puck.
4:28 of 3rd period - Slapshot by Joe Charlebois.
4:28 of 3rd period - Deflect By Christian Hanson.
4:28 of 3rd period - Stopped by Dany Sabourin without a rebound.
4:29 of 3rd period - Joe Colborne wins face-off versus Zenon Konopka in Knights zone.
4:29 of 3rd period - Joe Colborne is hit by Zenon Konopka.
4:56 of 3rd period - Cory Emmerton is hit by Tomas Kundratek and loses puck.
5:01 of 3rd period - Wrist shot by Danny Irmen.
5:01 of 3rd period - Goal by Danny Irmen - Patriotes : 5 - Knights : 3.
5:02 of 3rd period - Zenon Konopka wins face-off versus Joe Colborne in neutral zone.
5:38 of 3rd period - Backhand shot by Fedor Fedorov.
5:38 of 3rd period - Stopped by Dany Sabourin with a rebound.
5:52 of 3rd period - Slapshot by Jani Rita.
5:52 of 3rd period - Stopped by Joey MacDonald without a rebound.
5:53 of 3rd period - Christian Hanson wins face-off versus Danny Irmen in Patriotes zone.
6:02 of 3rd period - Slapshot by Jimmy Hayes.
6:02 of 3rd period - Stopped by Joey MacDonald without a rebound.
6:03 of 3rd period - Zenon Konopka wins face-off versus Chris Thorburn in Patriotes zone.
6:03 of 3rd period - Zenon Konopka is hit by Eric Gelinas.
6:09 of 3rd period - Slapshot by Brett Skinner.
6:09 of 3rd period - Shot Misses the Net.
6:10 of 3rd period - Minor Penalty to Tomas Kurka for Roughing.
6:11 of 3rd period - Ryan White wins face-off versus James Wright in Patriotes zone.
6:22 of 3rd period - Andreas Nodl is hit by Chris Thorburn.
6:26 of 3rd period - Slapshot by Jani Rita.
6:26 of 3rd period - Stopped by Joey MacDonald without a rebound.
6:27 of 3rd period - Ryan White wins face-off versus James Wright in Patriotes zone.
8:10 of 3rd period - Penalty to Tomas Kurka is over, Tomas Kurka is back on ice.
8:16 of 3rd period - Backhand shot by Tomas Kurka.
8:16 of 3rd period - Stopped by Dany Sabourin without a rebound.
8:17 of 3rd period - Cory Emmerton wins face-off versus Philip Varone in Knights zone.
8:42 of 3rd period - Timothy Kunes is hit by A.J. Jenks and loses puck.
9:09 of 3rd period - Snap shot by Dwight King.
9:09 of 3rd period - Stopped by Dany Sabourin with a rebound.
9:11 of 3rd period - Slapshot by Zack Stortini.
9:11 of 3rd period - Stopped by Dany Sabourin with a rebound.
10:04 of 3rd period - Minor Penalty to Fedor Fedorov for Interference.
10:05 of 3rd period - James Wright wins face-off versus Tomas Kurka in Patriotes zone.
10:36 of 3rd period - Slapshot by Kyle Greentree.
10:36 of 3rd period - Shot Blocked by Brett Skinner.
10:38 of 3rd period - Slapshot by Eric Gelinas.
10:38 of 3rd period - Stopped by Joey MacDonald without a rebound.
10:39 of 3rd period - Zenon Konopka wins face-off versus Danny Irmen in Patriotes zone.
10:48 of 3rd period - Tomas Kurka is hit by Danny Irmen and loses puck.
12:04 of 3rd period - Penalty to Fedor Fedorov is over, Fedor Fedorov is back on ice.
12:47 of 3rd period - Slapshot by A.J Thelen.
12:47 of 3rd period - Shot Blocked by Tomas Kundratek.
13:15 of 3rd period - Nigel Williams is hit by Zbynek Michalek and loses puck.
13:57 of 3rd period - Philip Varone is hit by Ryan White and loses puck.
14:19 of 3rd period - Eric Gelinas is hit by Timothy Kunes.
14:22 of 3rd period - Minor Penalty to Christian Hanson for Hooking.
14:23 of 3rd period - Tomas Kurka wins face-off versus James Wright in Patriotes zone.
14:31 of 3rd period - Andreas Nodl is hit by Jani Rita.
15:06 of 3rd period - Snap shot by Danny Irmen.
15:06 of 3rd period - Deflect By Zenon Konopka.
15:06 of 3rd period - Stopped by Joey MacDonald with a rebound.
15:08 of 3rd period - Snap shot by Kyle Greentree.
15:08 of 3rd period - Shot Misses the Net.
16:14 of 3rd period - Cory Emmerton is hit by Colton Gillies and loses puck.
16:22 of 3rd period - Penalty to Christian Hanson is over, Christian Hanson is back on ice.
16:23 of 3rd period - Snap shot by Colton Gillies.
16:23 of 3rd period - Stopped by Joey MacDonald with a rebound.
16:25 of 3rd period - Slapshot by Nikita Nikitin.
16:25 of 3rd period - Shot Blocked by Christian Hanson.
16:27 of 3rd period - Slapshot by Nikita Nikitin.
16:27 of 3rd period - Shot Misses the Net.
16:53 of 3rd period - Minor Penalty to Lauri Tukonen for Hooking.
16:54 of 3rd period - Tomas Kurka wins face-off versus James Wright in Patriotes zone.
17:02 of 3rd period - Off-side.
17:03 of 3rd period - Tomas Kurka wins face-off versus James Wright in neutral zone.
17:30 of 3rd period - Cory Emmerton is hit by Danny Irmen and loses puck.
17:39 of 3rd period - Wrist shot by Danny Irmen.
17:39 of 3rd period - Shot Misses the Net.
17:41 of 3rd period - Wrist shot by Alex Chiasson.
17:41 of 3rd period - Goal by Alex Chiasson - Patriotes : 5 - Knights : 4.
17:42 of 3rd period - Danny Irmen wins face-off versus Christian Hanson in neutral zone.
17:49 of 3rd period - Wrist shot by Danny Irmen.
17:49 of 3rd period - Stopped by Joey MacDonald without a rebound.
17:50 of 3rd period - Danny Irmen wins face-off versus Christian Hanson in Patriotes zone.
17:51 of 3rd period - Wrist shot by Jimmy Hayes.
17:51 of 3rd period - Stopped by Joey MacDonald with a rebound.
17:53 of 3rd period - Snap shot by A.J. Jenks.
17:53 of 3rd period - Shot Blocked by Christian Hanson.
17:55 of 3rd period - Slapshot by Zbynek Michalek.
17:55 of 3rd period - Stopped by Joey MacDonald with a rebound.
17:59 of 3rd period - Snap shot by Danny Irmen.
17:59 of 3rd period - Shot Misses the Net.
18:01 of 3rd period - Snap shot by A.J. Jenks.
18:01 of 3rd period - Stopped by Joey MacDonald with a rebound.
18:03 of 3rd period - Slapshot by A.J. Jenks.
18:03 of 3rd period - Shot Misses the Net.
18:05 of 3rd period - Slapshot by Marco Scandella.
18:05 of 3rd period - Deflect By Danny Irmen.
18:05 of 3rd period - Stopped by Joey MacDonald with a rebound.
18:19 of 3rd period - Snap shot by Ryan White.
18:19 of 3rd period - Shot Misses the Net.
18:29 of 3rd period - Liam Reddox is hit by James Wright and loses puck.
18:44 of 3rd period - Wrist shot by Andreas Nodl.
18:44 of 3rd period - Shot Misses the Net.
18:46 of 3rd period - Snap shot by Tomas Kurka.
18:46 of 3rd period - Stopped by Dany Sabourin with a rebound.
19:00 of 3rd period - Tomas Kurka is hit by Eric Gelinas and loses puck.
19:03 of 3rd period - Knights, Dany Sabourin is pulled from the net.
19:07 of 3rd period - Snap shot by Chris Thorburn.
19:07 of 3rd period - Shot Misses the Net.
19:17 of 3rd period - Wrist shot by Chris Thorburn.
19:17 of 3rd period - Stopped by Joey MacDonald with a rebound.
19:41 of 3rd period - Snap shot by Jani Rita.
19:41 of 3rd period - Stopped by Joey MacDonald without a rebound.
19:42 of 3rd period - Paul MacLean call a timeout for Knights.
19:42 of 3rd period - James Wright wins face-off versus Zenon Konopka in Patriotes zone.
19:57 of 3rd period - Wrist shot by Chris Thorburn.
19:57 of 3rd period - Stopped by Joey MacDonald with a rebound.
19:59 of 3rd period - Snap shot by Jani Rita.
19:59 of 3rd period - Stopped by Joey MacDonald with a rebound.
Goals for this period are 1 for Patriotes vs 3 for Knights.
Shots for this period are 11 for Patriotes vs 26 for Knights.


Output by the SimonT Hockey Simulator (STHS) for François Prévost -- Original Page W3C XHTML 1.0 Valid
Hockey Simulator - Hockey Simulation - Hockey Manager